 Dungeon Crawl Stone Soup version 0.25-a0-97-g19cdb01801 (webtiles) character file.

Game seed: 10615312394460097842, levelgen mode: deterministic

8521 Amnesiac the Nimble (level 11, -3/79 HPs)
             Began as a Barachi Wizard on Nov 12, 2019.
             Was an Elder of Vehumet.
             Killed from afar by Erica (36 damage)
             ... with an orb of energy
             ... on level 10 of the Dungeon.
             The game lasted 00:28:46 (11182 turns).

Amnesiac the Nimble (Barachi Wizard)               Turns: 11182, Time: 00:28:47

Health: -3/79      AC:  4    Str:  8    XL:     11   Next: 32%
Magic:  0/38       EV: 18    Int: 23    God:    Vehumet [****..]
Gold:   700        SH:  4    Dex: 10    Spells: 2/26 levels left

rFire    + . .     SeeInvis .   D - staff of power
rCold    . . .     Gourm    .   f - +0 buckler
rNeg     . . .     Faith    .   B - +0 robe
rPois    +         Spirit   .   n - +1 hat
rElec    .         Reflect  .   (no cloak)
rCorr    .         Harm     +   (no gloves)
MR       .....                  e - +0 pair of boots
Stlth    +++.......             s - amulet of Faulluur {Harm *Drain rF+}
HPRegen  0.23/turn              g - ring of stealth
MPRegen  0.26/turn              h - ring of poison resistance

@: slow
A: +LOS, swims, slowness 1, strong legs 1
a: Hop, Renounce Religion


You were on level 10 of the Dungeon.
You worshipped Vehumet.
Vehumet was greatly pleased with you.
You were not hungry.

You visited 2 branches of the dungeon, and saw 11 of its levels.
You also visited: Ossuary and Bailey.

You collected 700 gold pieces.

Inventory:

Hand Weapons
 a - the +1 rapier "Reblad" {protect, rC+}
   (You found it on level 6 of the Dungeon)

   It grants its wielder temporary protection when it strikes (+7 to AC).
   It protects you from cold.
 b - the +2 spear "Remierua" {pierce, SInv}
   (You found it on level 6 of the Dungeon)

   It inflicts extra damage upon your enemies.
   It lets you see invisible.
Missiles
 c - 71 poisoned darts (quivered)
 p - 5 atropa-tipped darts
Armour
 e - a +0 pair of boots (worn)
 f - a +0 buckler (worn)
 n - a +1 hat (worn)
 B - a +0 robe (worn)
Magical Staves
 D - an uncursed staff of power (weapon)
Jewellery
 g - a ring of stealth (left hand)
 h - a ring of poison resistance (right hand)
 k - an uncursed ring of wizardry
 s - the amulet of Faulluur (around neck) {Harm *Drain rF+}
   (You found it on level 4 of the Dungeon)

   [amulet of harm]

   It increases damage dealt and taken.
   It protects you from fire.
   It causes draining when unequipped.
 I - an uncursed ring of ice
Wands
 u - a wand of random effects (16)
 y - a wand of disintegration (22)
Scrolls
 l - 3 scrolls of teleportation {!r}
 m - 4 scrolls of enchant armour {!r}
 o - 7 scrolls of remove curse {!r}
 q - 2 scrolls of enchant weapon {!r}
 w - 2 scrolls of fog {!r}
 x - 4 scrolls of amnesia {!r}
 A - a scroll of acquirement {!r}
 E - 2 scrolls of identify {!r}
 F - 2 scrolls of blinking {!r}
Potions
 i - 3 potions of curing {!q}
 j - 2 potions of mutation {!q}
 r - 2 potions of might {!q}
 t - a potion of lignification {!q}
 v - 2 potions of heal wounds {!q}
 z - a potion of agility {!q}
 C - a potion of ambrosia {!q}
 H - a potion of cancellation {!q}
Comestibles
 d - 13 rations
 G - 3 chunks of flesh


   Skills:
 - Level 5.0 Fighting
 + Level 12.3 Dodging
 - Level 1.7 Stealth
 - Level 4.2 Shields
 - Level 8.0 Spellcasting
 - Level 10.0 Conjurations
 - Level 1.2 Summonings
 - Level 1.1 Translocations


You had 2 spell levels left.
You knew the following spells:

 Your Spells              Type           Power        Failure   Level  Hunger
a - Stone Arrow           Conj/Erth      ####..       1%          3    None
b - Call Imp              Summ           ##......     6%          2    None
c - Slow                  Hex            #.......     11%         2    None
d - Searing Ray           Conj           ######       1%          2    None
e - Mephitic Cloud        Conj/Pois/Air  ###.....     1%          3    None
f - Magic Dart            Conj           ####         1%          1    None
g - Iskenderun's Battles  Conj/Chrm      ####....     7%          5    #####..
s - Conjure Flame         Conj/Fire      ####....     1%          3    None
v - Blink                 Tloc           N/A          7%          2    None
z - Confusing Touch       Hex            #.....       7%          1    None

Your spell library contained the following spells:

 Spells                   Type           Power        Failure   Level  Hunger
 Corona                   Hex            #......      7%          1    None
 Inner Flame              Hex/Fire       #.......     5%          3    None
 Gell's Gravitas          Tloc           ##........   13%         3    None
 Portal Projectile        Hex/Tloc       ##....       17%         3    None
 Confuse                  Hex            #.......     21%         3    None
 Yara's Violent Unravell  Hex/Tmut       #.........   41%         5    #####..
 Cause Fear               Hex            #.........   56%         4    ###....
 Leda's Liquefaction      Hex/Erth       #.........   56%         4    ###....
 Petrify                  Tmut/Erth      #.......     56%         4    ###....
 Metabolic Englaciation   Hex/Ice        #.........   88%         5    #####..


Dungeon Overview and Level Annotations

Branches:
Dungeon (10/15)            Temple (1/1) D:4         Ossuary (visited)
 Bailey (visited)
   Lair: D:8-11         Orc: D:9-12

Altars:
Ashenzari
Cheibriados
Dithmenos
Elyvilon
Fedhas
Gozag
Hepliaklqana
Kikubaaqudgha
Makhleb
Nemelex Xobeh
Okawaru
Qazlal
Ru
Sif Muna
Trog
Uskayaw
Vehumet
Wu Jian
Xom
Yredelemnul
Zin
The Shining One

Shops:
D:5 (   D:7 (

Annotations:
D:10 Erica


Innate Abilities, Weirdness & Mutations

Shadows flee at your approach. (+LOS)
You can swim through water.
You cover ground slowly.
You can hop short distances.


Message History

The stone arrow hits the centaur!
You kill the centaur!
Vehumet accepts your kill.
You feel your power returning.
You feel yourself speed up.
Something tries to affect you, but you resist.
Unknown command.
Casting: Stone Arrow (safe; 1% risk of failure)
Confirm with . or Enter, or press ? or * to list all spells.
You can't see any susceptible monsters within range! (Use Z to cast anyway.)
Casting: Stone Arrow (safe; 1% risk of failure)
Confirm with . or Enter, or press ? or * to list all spells.
Aiming: Conjure Flame (safe; 1% risk of failure)
Press: ? - help, Dir - move target cursor The fire ignites!
You hear some strange, mumbled words.
A bolt of poison appears from out of thin air!
The bolt of poison misses you.
Casting: Conjure Flame (safe; 1% risk of failure)
Confirm with . or Enter, or press ? or * to list all spells.
Aiming: Conjure Flame (safe; 1% risk of failure)
Press: ? - help, Dir - move target cursor The fire ignites!
Casting: Conjure Flame (safe; 1% risk of failure)
Confirm with . or Enter, or press ? or * to list all spells.
Aiming: Stone Arrow (safe; 1% risk of failure)
Press: ? - help, Shift-Dir - straight line A crocodile comes into view.
Something hits you.
Casting: Stone Arrow (safe; 1% risk of failure)
Confirm with . or Enter, or press ? or * to list all spells.
Aiming: Stone Arrow (safe; 1% risk of failure)
Press: ? - help, Shift-Dir - straight line
Casting: Stone Arrow (safe; 1% risk of failure)
Confirm with . or Enter, or press ? or * to list all spells.
Aiming: Stone Arrow (safe; 1% risk of failure)
Press: ? - help, Shift-Dir - straight line Something barely misses you.
Really walk into that cloud of flame?
Okay, then.
Casting: Stone Arrow (safe; 1% risk of failure)
Confirm with . or Enter, or press ? or * to list all spells.
Aiming: Stone Arrow (safe; 1% risk of failure)
Press: ? - help, Shift-Dir - straight line Something hits you!
* * * LOW HITPOINT WARNING * * *
Something burns you.
* * * LOW HITPOINT WARNING * * *
Casting: Stone Arrow (safe; 1% risk of failure)
Confirm with . or Enter, or press ? or * to list all spells.
A beastly little devil appears in a puff of flame.
Something barely misses you.
Really quaff
i - 4 potions of curing {!q}?
You feel better. Something hits you!
* * * LOW HITPOINT WARNING * * *
Your crimson imp blinks!
Really walk into that cloud of flame?
You hit something.
An orc comes into view. It is wielding a +0 whip.
The crocodile bites your crimson imp but does no damage.
You hear some strange, mumbled words.
An orb of energy appears from out of thin air!
The orb of energy hits you!!
You die...

#.# #)# #..... #.#
#.####..... #.#
#.......... #.#
#####...... ####.#
#.##.## ....#### #.##.#
##..(.. ..##.#
#o..####:).############.#
......t5§@(.(.(.........#
..?#####...##############
##§## #.# #.# #.# #.# #.#
#.#


You could see a crocodile, an orc and a friendly crimson imp.

Vanquished Creatures
  A two-headed ogre (D:8)
  Sonja (D:10)
  An orc knight (Bailey)
  A troll (D:9)
  Grinder (D:4)
  2 hippogriffs (D:8)
  Sigmund (D:4)
  7 yaks (D:9)
  A water moccasin (D:8)
  A sky beast (D:8)
  6 orc warriors
  2 phantoms (D:8)
  6 ogres
  4 centaurs
  A crocodile (D:9)
  3 bullfrogs
  A wyvern zombie (D:7)
  A scorpion (D:10)
  8 killer bees
  4 wights (D:9)
  An electric eel (D:7)
  6 howler monkeys
  A centaur zombie (Ossuary)
  A jelly (D:9)
  4 crimson imps
  A quasit (D:10)
  2 human zombies (Ossuary)
  A centaur skeleton (D:9)
  3 hounds
  4 orc priests
  A gnoll shaman (D:6)
  11 orc wizards
  Ijyb (D:5)
  5 iguanas
  7 worker ants
  Natasha (twice) (D:1)
  A big kobold zombie (Ossuary)
  2 mummies (Ossuary)
  A worker ant zombie (D:9)
  11 gnolls
  11 adders
  2 howler monkey skeletons
  2 shadow imps
  An ooze (D:3)
  2 adder zombies (Ossuary)
  2 adder skeletons
  3 worms
  2 dart slugs (D:1)
  9 leopard geckos
  35 orcs
  6 giant cockroaches
  10 goblins
  11 hobgoblins
  16 jackals
  27 kobolds
  3 quokkas
  2 ball pythons
  10 bats
  5 frilled lizards
  2 goblin zombies
  7 hobgoblin zombies (Ossuary)
  7 kobold zombies (Ossuary)
  12 orc zombies (Ossuary)
  2 quokka zombies
  6 rats
  5 rat zombies
319 creatures vanquished.

Vanquished Creatures (collateral kills)
  Edmund (D:5)
  A centaur (D:7)
  A bullfrog (D:7)
  An orc wizard (D:6)
  Natasha (D:1)
  2 iguanas
  A worm (D:4)
  3 orcs (D:4)
11 creatures vanquished.

Grand Total: 330 creatures vanquished

Notes
Turn   | Place    | Note
-------+----------+-------------------------------------------
     0 | D:1      | Amnesiac the Barachi Wizard began the quest for the Orb.
     0 | D:1      | Reached XP level 1. HP: 13/13 MP: 4/4
   174 | D:1      | Reached XP level 2. HP: 15/19 MP: 0/6
   226 | D:1      | Learned a level 2 spell: Call Imp
   624 | D:1      | Reached XP level 3. HP: 24/24 MP: 0/8
   629 | D:1      | Learned a level 3 spell: Mephitic Cloud
   633 | D:1      | Learned a level 3 spell: Conjure Flame
  1320 | D:2      | Noticed Natasha
  1333 | D:1      | Killed Natasha
  1333 | D:1      | Reached XP level 4. HP: 26/30 MP: 0/9
  1467 | D:1      | Noticed Natasha
  1475 | D:1      | Killed Natasha
  1479 | D:1      | Noticed Natasha
  1492 | D:1      | Killed Natasha
  1492 | D:1      | Reached skill level 5 in Conjurations
  1492 | D:1      | Reached XP level 5. HP: 35/35 MP: 0/10
  1918 | D:2      | Learned a level 2 spell: Blink
  3241 | D:3      | Found a glowing golden altar of the Shining One.
  3241 | D:3      | Noticed an ogre
  3245 | D:3      | Killed an ogre
  3245 | D:3      | Reached XP level 6. HP: 30/41 MP: 2/12
  3360 | D:3      | Learned a level 2 spell: Slow
  3669 | D:4      | Found a staircase to the Ecumenical Temple.
  3679 | Temple   | Entered the Ecumenical Temple
  3906 | Temple   | Became a worshipper of Vehumet
  3978 | D:4      | Reached skill level 1 in Fighting
  3978 | D:4      | Reached skill level 3 in Dodging
  3978 | D:4      | Reached XP level 7. HP: 34/49 MP: 0/13
  4121 | D:4      | Noticed Grinder
  4174 | D:4      | Paralysed by Grinder for 5 turns
  4217 | D:4      | Killed Grinder
  4217 | D:4      | Reached skill level 4 in Dodging
  4538 | D:4      | Reached skill level 5 in Dodging
  4658 | D:4      | Got a slimy emerald amulet
  4659 | D:4      | Identified the amulet of Faulluur {Harm *Drain rF+} (You
                  | found it on level 4 of the Dungeon)
  5034 | D:4      | Noticed Sigmund
  5055 | D:4      | Killed Sigmund
  5055 | D:4      | Reached skill level 6 in Dodging
  5055 | D:4      | Reached XP level 8. HP: 60/60 MP: 2/14
  5181 | D:5      | Entered Level 5 of the Dungeon
  5348 | D:5      | Noticed Ijyb
  5361 | D:5      | Killed Ijyb
  5498 | D:5      | Found Lean's Antique Weapon Shoppe.
  5594 | D:5      | Reached skill level 1 in Shields
  5636 | D:5      | Noticed Edmund
  5648 | D:5      | Killed Edmund
  5707 | D:5      | Reached * piety under Vehumet
  5707 | D:5      | Offered knowledge of Sandblast by Vehumet.
  5827 | D:6      | Found a shattered altar of Ashenzari.
  5829 | D:6      | Found a blossoming altar of Fedhas.
  5829 | D:6      | Found a bloodstained altar of Trog.
  5842 | D:6      | Got a jewelled rapier
  5843 | D:6      | Identified the cursed +1 rapier "Reblad" {protect, rC+}
                  | (You found it on level 6 of the Dungeon)
  6064 | D:6      | Found a sand-covered staircase.
  6079 | Ossuary  | Entered an ossuary
  6138 | Ossuary  | Identified a scroll of acquirement {!r}
  6181 | Ossuary  | Offered knowledge of Searing Ray by Vehumet.
  6186 | Ossuary  | Learned a level 2 spell: Searing Ray
  6245 | Ossuary  | Reached ** piety under Vehumet
  6576 | Ossuary  | Offered knowledge of Inner Flame by Vehumet.
  6726 | D:6      | Got a pitted spear
  6728 | D:6      | Identified the +2 spear "Remierua" {pierce, SInv} (You
                  | found it on level 6 of the Dungeon)
  6787 | D:6      | Reached skill level 5 in Spellcasting
  7000 | D:6      | Reached skill level 5 in Fighting
  7301 | D:7      | Reached XP level 9. HP: 64/68 MP: 10/16
  7566 | D:7      | Reached skill level 7 in Dodging
  7590 | D:7      | Reached *** piety under Vehumet
  8474 | D:7      | Found Zyuc's Weapon Emporium.
  8586 | D:8      | Offered knowledge of Stone Arrow by Vehumet.
  8719 | D:8      | Noticed a two-headed ogre
  8729 | D:8      | Killed a two-headed ogre
  8729 | D:8      | Reached skill level 8 in Dodging
  8729 | D:8      | Reached XP level 10. HP: 57/74 MP: 9/22
  8955 | D:8      | Learned a level 3 spell: Stone Arrow
  9165 | D:8      | Reached **** piety under Vehumet
  9196 | D:8      | Reached skill level 9 in Dodging
  9234 | D:8      | Offered knowledge of Force Lance by Vehumet.
  9566 | D:9      | Reached skill level 10 in Conjurations
  9675 | D:9      | Reached skill level 10 in Dodging
  9758 | D:9      | Found a flagged portal.
  9900 | Bailey   | Entered a bailey
 10190 | Bailey   | Noticed an orc knight
 10213 | Bailey   | Killed an orc knight
 10213 | Bailey   | Reached ***** piety under Vehumet
 10213 | Bailey   | Reached XP level 11. HP: 76/79 MP: 23/23
 10216 | Bailey   | Offered knowledge of Iskenderun's Battlesphere by Vehumet.
 10234 | Bailey   | Reached skill level 11 in Dodging
 10267 | Bailey   | Learned a level 5 spell: Iskenderun's Battlesphere
 11037 | D:10     | Entered Level 10 of the Dungeon
 11154 | D:10     | Learned a level 1 spell: Confusing Touch
 11157 | D:10     | Noticed Sonja
 11158 | D:10     | Reached skill level 12 in Dodging
 11161 | D:10     | Killed Sonja
 11169 | D:10     | Noticed Erica
 11182 | D:10     | Killed from afar by Erica

Levels and vault maps discovered:
D:1:      psy_arrival_basics, layout_basic, minmay_nonomino_d4
D:2:      layout_basic, uniq_natasha
D:3:      layout_rooms, tso_altar
D:4:      layout_basic, minmay_temple_entry_junction_2, first_ration,
          minmay_circle_x, uniq_grinder, uniq_sigmund
D:5:      layout_rooms, serial_shops, shop, uniq_edmund, uniq_ijyb
D:6:      layout_basic, gammafunk_temple_overflow_forgotten, enter_ossuary_4
D:7:      layout_loops_cross, serial_shops,
          nicolae_shop_temple_entry_statues_fountains, serial_bayou_lagoon_a
D:8:      layout_basic
D:9:      layout_stronghold, enter_bailey_2
D:10:     layout_loops_ring, david_lair_generic, uniq_sonja, uniq_erica
Temple:   dpeg_five_rooms_temple

Skill      XL: |  1  2  3  4  5  6  7  8  9 10 11 |
---------------+----------------------------------+-----
Conjurations   | 2 4 5 6 8 10 | 10.0
Spellcasting   | 4 5 8 |  8.0
Fighting       | 1 4 5 |  5.0
Dodging        | 3 6 8 10 12 | 12.3
Shields        | 4 |  4.2
Stealth        | |  1.7
Summonings     | |  1.2
Translocations | |  1.1

Action                   |  1- 3 |  4- 6 |  7- 9 | 10-12 || total
-------------------------+-------+-------+-------+-------++-------
Melee: Unarmed           |    26 |       |       |       ||    26
       Short sword       |       |     6 |    56 |       ||    62
       Rapier            |       |       |    97 |       ||    97
       Staff             |       |       |       |    20 ||    20
Throw: Dart              |     1 |    15 |       |       ||    16
 Cast: Magic Dart        |    84 |   136 |   327 |    25 ||   572
       Call Imp          |       |     4 |    17 |     2 ||    23
       Mephitic Cloud    |       |     4 |    14 |     9 ||    27
       Conjure Flame     |       |     2 |    13 |     7 ||    22
       Searing Ray       |       |       |     3 |       ||     3
       Blink             |       |       |     1 |       ||     1
       Stone Arrow       |       |       |       |   135 ||   135
  Use: Scroll            |     3 |       |    14 |     2 ||    19
       Potion            |     1 |       |     4 |     1 ||     6
 Stab: Confused          |       |       |     1 |       ||     1
  Eat: Chunk             |     2 |     8 |    19 |     6 ||    35
       Ration            |       |       |       |     1 ||     1
Armor: Robe              |     9 |     2 |    32 |     5 ||    48
       Skin              |       |       |     5 |       ||     5
Dodge: Dodged            |    29 |    10 |   157 |    77 ||   273
Block: Buckler           |       |       |    31 |    22 ||    53

Table legend:
 A = Non-vault XP
 B = Vault XP
 C = Vault XP percentage of total XP
 D = Non-vault monster count
 E = Vault monster count
 F = Vault count percentage of total count
                 A         B        C        D         E       F
            +---------+---------+-------+---------+---------+-------
      Total |    9115 |    3059 |  25.1 |     244 |      86 |  26.1
            +---------+---------+-------+---------+---------+-------
        D:1 |     101 |      43 |  29.9 |      23 |       6 |  20.7
        D:2 |      96 |       0 |   0.0 |      21 |       0 |   0.0
        D:3 |     181 |       0 |   0.0 |      27 |       0 |   0.0
        D:4 |     449 |     442 |  49.6 |      28 |       4 |  12.5
        D:5 |     114 |     155 |  57.6 |      10 |       2 |  16.7
        D:6 |     513 |       2 |   0.4 |      24 |       2 |   7.7
        D:7 |    1178 |       0 |   0.0 |      37 |       0 |   0.0
        D:8 |    3008 |       0 |   0.0 |      37 |       0 |   0.0
        D:9 |    2704 |       0 |   0.0 |      26 |       0 |   0.0
       D:10 |     771 |     802 |  51.0 |      11 |       1 |   8.3
    Ossuary |       0 |     246 | 100.0 |       0 |      39 | 100.0
     Bailey |       0 |    1369 | 100.0 |       0 |      32 | 100.0
            +---------+---------+-------+---------+---------+-------
